 Dungeon Crawl Stone Soup version 0.26.1-2-gb8aa6d0cf2 (webtiles) character file.

Game seed: 15131710804429985828

518 Alarak the Magician (level 7, -11/36 HPs)
             Began as a Deep Elf Conjurer on Feb 28, 2021.
             Mangled by an ogre
             ... wielding a +0 giant spiked club
              (24 damage)
             ... on level 4 of the Dungeon.
             The game lasted 00:14:33 (3888 turns).

Alarak the Magician (Deep Elf Conjurer)             Turns: 3888, Time: 00:14:33

Health: -11/36     AC:  4    Str:  4    XL:     7   Next: 1%
Magic:  8/19       EV: 13    Int: 25    God:
Gold:   110        SH:  0    Dex: 13    Spells: 10/20 levels left

rFire    . . .     SeeInvis .   q - +0 short sword
rCold    . . .     Faith    .   (no shield)
rNeg     . . .     Spirit   .   a - +0 robe
rPois    .         Reflect  .   u - +0 helmet
rElec    .         Harm     .   r - +0 cloak
rCorr    .         Rampage  .   (no gloves)
Will     .....                  (no boots)
Stlth    ++........             (no amulet)
HPRegen  0.12/turn              (no ring)
MPRegen  0.16/turn              (no ring)

@: no status effects
A: no striking features
a: no special abilities


You were on level 4 of the Dungeon.
You visited 1 branch of the dungeon, and saw 4 of its levels.

You collected 110 gold pieces.

Inventory:

Hand Weapons
 q - a +0 short sword (weapon)
Armour
 a - a +0 robe (worn)
 r - a +0 cloak (worn)
 s - a scarf of shadows
 u - a +0 helmet (worn)
Jewellery
 o - an uncursed ring of protection from fire {unknown}
Scrolls
 b - a scroll of enchant armour {unknown}
 d - 5 scrolls of identify {unknown}
 e - 3 scrolls of magic mapping {unknown}
 h - 2 scrolls of enchant weapon {unknown}
 j - a scroll of teleportation {unknown}
 l - a scroll of fog {unknown}
 t - a scroll of fear {unknown}
 w - a scroll of noise {unknown}
Potions
 c - 4 potions of curing {unknown}
 f - 2 potions of haste {unknown}
 g - a potion of heal wounds {unknown}
 i - a potion of lignification {unknown}
 k - a potion of attraction {unknown}
 m - a potion of cancellation {unknown}
 n - a potion of berserk rage {unknown}
 p - a potion of might {unknown}
 v - a potion of mutation {unknown}


   Skills:
 - Level 2.4 Dodging
 - Level 2.4 Stealth
 - Level 7.1 Spellcasting
 - Level 6.0 Conjurations
 + Level 5.1 Hexes


You had 10 spell levels left.
You knew the following spells:

 Your Spells              Type           Power        Failure   Level
a - Magic Dart            Conj           100%         1%          1
b - Searing Ray           Conj           76%          1%          2
c - Dazzling Flash        Conj/Hex       72%          1%          3
d - Fulminant Prism       Conj/Hex       18%          7%          4

Your spell library contained the following spells:

 Spells                   Type           Power        Failure   Level
 Iskenderun's Mystic Bla  Conj/Tloc      23%          19%         4


Dungeon Overview and Level Annotations

Branches:
Dungeon (4/15)
 Temple: D:4-7

Altars:
Ashenzari
Dithmenos
Makhleb


Message History

Casting: Fulminant Prism (quite dangerous; 7% risk of failure)
Confirm with . or Enter, or press ? or * to list all spells.
The spell is quite dangerous to cast (7% risk of failure)!
Continue anyway?
Aiming: Fulminant Prism (quite dangerous; 7% risk of failure)
Press: ? - help, Dir - move target You conjure a prism of explosive energy!
A fulminant prism comes into view.
An orc comes into view. It is wielding a +0 falchion.
The ogre hits you with a +0 giant spiked club!!
Ouch! That really hurt!
Your fulminant prism crackles loudly.
Your fulminant prism explodes!
You hear an angry hiss.
You see here a hound corpse.
Casting: Fulminant Prism (quite dangerous; 7% risk of failure)
Confirm with . or Enter, or press ? or * to list all spells.
The ogre is dazzled.
The ogre hits you with a +0 giant spiked club!!
Ouch! That really hurt!
You die...

####### #.....# #.....#
####.....# #########
#........# #.......#
#........# #....[..#
#.†......#
####.......#####@O..o...#
....†..........'............
...#.......#####...#######...
##.#.......#####...##### ..
...+................... .
##.#............##....# #
#.#######......##....# .# #.#
#......##....###.# #.#
#########....#...


You could see an ogre (blind) and an orc.

Vanquished Creatures
  A phantom (D:4)
  A scorpion (D:4)
  An orc priest (D:3)
  A hound (D:4)
  An iguana (D:4)
  3 worker ants
  8 adders
  An ooze (D:1)
  3 worms
  11 dart slugs
  5 leopard geckos
  16 orcs
  A ball python (D:3)
  10 bats
  3 giant cockroaches
  11 goblins
  4 hobgoblins
  4 jackals
  A quokka (D:3)
  6 frilled lizards
  9 kobolds
  8 rats
109 creatures vanquished.

Vanquished Creatures (others)
  2 fulminant prisms (D:4)
2 creatures vanquished.

Grand Total: 111 creatures vanquished

Notes
Turn   | Place    | Note
-------+----------+-------------------------------------------
     0 | D:1      | Alarak the Deep Elf Conjurer began the quest for the Orb.
     0 | D:1      | Reached XP level 1. HP: 10/10 MP: 6/6
   255 | D:1      | Reached XP level 2. HP: 15/15 MP: 6/8
   344 | D:1      | Learned a level 2 spell: Searing Ray
   401 | D:1      | Reached skill level 5 in Conjurations
   726 | D:1      | Reached XP level 3. HP: 19/19 MP: 7/9
  1264 | D:2      | Reached XP level 4. HP: 24/24 MP: 5/11
  1534 | D:2      | Found a burning altar of Makhleb.
  1534 | D:2      | Noticed a blizzard demon
  1537 | D:2      | Noticed a neqoxec
  1537 | D:2      | Noticed a neqoxec
  1568 | D:2      | Reached skill level 4 in Spellcasting
  1827 | D:2      | Found a shadowy altar of Dithmenos.
  1998 | D:3      | Reached skill level 5 in Spellcasting
  2002 | D:3      | Learned a level 3 spell: Dazzling Flash
  2127 | D:3      | Found a broken altar of Ashenzari.
  2137 | D:3      | Reached XP level 5. HP: 28/28 MP: 11/14
  2198 | D:3      | Reached skill level 1 in Hexes
  2991 | D:3      | Learned a level 4 spell: Fulminant Prism
  3003 | D:4      | Reached XP level 6. HP: 27/32 MP: 3/15
  3474 | D:4      | Reached skill level 5 in Hexes
  3706 | D:4      | Reached skill level 6 in Spellcasting
  3824 | D:4      | Reached skill level 7 in Spellcasting
  3824 | D:4      | Reached XP level 7. HP: 36/36 MP: 11/19
  3888 | D:4      | Mangled by an ogre

Illustrated notes

Levels and vault maps discovered:
D:1:      doesnt_arrival_eight_statues, layout_loops_ring,
          minmay_indecisive_spiral
D:2:      layout_rooms, makhleb_altar_promises_db, serial_corexii_hall,
          corexii_hall_statues_t, corexii_hall_statues_u,
          nicolae_dithmenos_through_a_glass_darkly
D:3:      layout_rooms, evilmike_ruin_ashenzari
D:4:      kennysheep_slugbush, layout_basic, minmay_manual_monolith

Skill      XL: |  1  2  3  4  5  6 |
---------------+-------------------+-----
Conjurations   | 5 6 |  6.0
Spellcasting   | 5 7 |  7.1
Hexes          | 4 5 |  5.1
Dodging        | |  2.4
Stealth        | |  2.4

Action                   |  1- 3 |  4- 6 |  7- 9 || total
-------------------------+-------+-------+-------++-------
Melee: Unarmed           |       |     2 |       ||     2
 Cast: Magic Dart        |    41 |    97 |     1 ||   139
       Searing Ray       |     6 |    27 |       ||    33
       Fulminant Prism   |       |       |     2 ||     2
       Dazzling Flash    |       |       |     1 ||     1
  Use: Scroll            |       |     1 |       ||     1
Armor: Robe              |     3 |     3 |       ||     6
Dodge: Dodged            |     2 |    11 |       ||    13
